 Dungeon Crawl Stone Soup version 0.21-a0-273-g0785366 (webtiles) character file.

363 Espgualade the Skirmisher (level 6, -2/40 HPs)
             Began as a Tengu Ice Elementalist on Sept 17, 2017.
             Slain by a killer bee zombie (5 damage)
             ... on level 5 of the Dungeon.
             The game lasted 00:14:48 (4811 turns).

Espgualade the Skirmisher (Tengu Ice Elementalist)  Turns: 4811, Time: 00:14:49

Health: -2/40      AC:  2    Str:  8    XL:     6   Next: 67%
Magic:  10/10      EV: 15    Int: 17    God:
Gold:   251        SH:  0    Dex: 15    Spells: 3/9 levels left

rFire    . . .     SeeInvis .   e - +2 short sword (freeze)
rCold    . . .     Gourm    .   (no shield)
rNeg     . . .     Faith    .   o - +0 robe (curse)
rPois    .         Spirit   .   (helmet restricted)
rElec    .         Reflect  .   (no cloak)
rCorr    .         Harm     .   (no gloves)
MR       .....                  (boots unavailable)
Stlth    ++........             (no amulet)
HPRegen  0.13/turn              (no ring)
MPRegen  0.12/turn              (no ring)

@: no status effects
A: beak, talons 3, able to fly 1
a: Fly


You were on level 5 of the Dungeon.
You were not hungry.

You visited 1 branch of the dungeon, and saw 5 of its levels.
You also visited: Ossuary.

You collected 251 gold pieces.

Inventory:

Hand Weapons
 e - a +2 short sword of freezing (weapon)
 k - a +1 whip of venom
Armour
 o - a cursed +0 robe (worn)
Scrolls
 a - 3 scrolls of magic mapping
 d - 3 scrolls of recharging {unknown}
 h - 2 scrolls of teleportation
 l - 2 scrolls of blinking {unknown}
 m - 4 scrolls of identify
 n - 3 scrolls of enchant armour {unknown}
 q - 5 scrolls of remove curse {unknown}
Potions
 f - 3 potions of ambrosia
 g - 2 potions of agility {unknown}
 i - a potion of resistance
 j - 4 potions of might
 p - a potion of haste {unknown}
 t - a potion of brilliance {unknown}
 u - 2 potions of invisibility
Books
 b - a book of Frost

   Spells                             Type                      Level
   a - Freeze                         Ice                          1
   b - Throw Frost                    Conjuration/Ice              2
   c - Ozocubu's Armour               Charms/Ice                   3
   d - Throw Icicle                   Conjuration/Ice              4
   e - Summon Ice Beast               Ice/Summoning                4
Comestibles
 c - a bread ration
 r - a meat ration


   Skills:
 - Level 5.0 Fighting
 + Level 4.8 Dodging
 - Level 2.0 Stealth
 - Level 2.0 Spellcasting
 - Level 1.3 Conjurations
 - Level 2.6 Ice Magic


You had 3 spell levels left.
You knew the following spells:

 Your Spells              Type           Power        Failure   Level  Hunger
a - Freeze                Ice            ##..         6%          1    #......
b - Throw Frost           Conj/Ice       #.....       13%         2    ###....
c - Ozocubu's Armour      Chrm/Ice       #.......     32%         3    ###....


Dungeon Overview and Level Annotations

Branches:
Dungeon (5/15)
 Temple: D:4-7

Altars:
Gozag
Makhleb

Shops:
D:3 *   D:4 %   D:5 :%*

Annotations:
D:4 Menkaure


Innate Abilities, Weirdness & Mutations

You have a beak for a mouth.
You have claws for feet.
You can fly.


Message History

* * * LOW HITPOINT WARNING * * *
You miss the killer bee zombie. Your kick misses the killer bee zombie.
Your peck misses the killer bee zombie.
The killer bee zombie is severely damaged.
The killer bee zombie closely misses you.
The killer bee zombie misses you.
You miss the killer bee zombie. Your kick misses the killer bee zombie.
The killer bee zombie is severely damaged.
The killer bee zombie hits you!
* * * LOW HITPOINT WARNING * * *
The killer bee zombie hits you.
* * * LOW HITPOINT WARNING * * *
You feel better. The killer bee zombie hits you!
* * * LOW HITPOINT WARNING * * *
You hit the killer bee zombie.
The killer bee zombie is almost destroyed.
The killer bee zombie hits you.
* * * LOW HITPOINT WARNING * * *
The killer bee zombie hits you.
You die...

#.###...........
#∩.........#####
#####.#.#.##
#.#.#.#
########.#.#
#........#.#
##.#######.# #.#
.# #@# ## #Z###
#...# ###.# #.#
#.# $$$ $∩$ $$$.


You could see a killer bee zombie.

Vanquished Creatures
  A crimson imp (D:3)
  An orc wizard (D:4)
  A big kobold zombie (Ossuary)
  A hound zombie (Ossuary)
  4 mummies (Ossuary)
  5 gnolls
  4 adders
  A howler monkey skeleton (D:5)
  An ooze (D:5)
  2 adder zombies (Ossuary)
  3 worms
  5 dart slugs
  3 leopard geckos
  5 orcs
  4 bats
  2 giant cockroaches
  3 goblins
  15 hobgoblins
  13 kobolds
  8 frilled lizards
  A goblin zombie (Ossuary)
  A hobgoblin zombie (Ossuary)
  A jackal zombie (Ossuary)
  2 kobold zombies (Ossuary)
  2 orc zombies (Ossuary)
  5 rats
  A rat zombie (Ossuary)
95 creatures vanquished.

Notes
Turn   | Place    | Note
-------+----------+-------------------------------------------
     0 | D:1      | Espgualade the Tengu Ice Elementalist began the quest for the Orb.
     0 | D:1      | Reached XP level 1. HP: 10/10 MP: 4/4
    49 | D:1      | Reached skill level 1 in Fighting
   317 | D:1      | Reached XP level 2. HP: 16/17 MP: 0/6
   401 | D:1      | Reached skill level 2 in Fighting
  1153 | D:1      | Reached XP level 3. HP: 17/22 MP: 4/7
  1251 | D:1      | Reached skill level 3 in Fighting
  1382 | D:1      | Learned a level 2 spell: Throw Frost
  1386 | D:1      | Learned a level 3 spell: Ozocubu's Armour
  1684 | D:2      | Reached XP level 4. HP: 26/28 MP: 3/8
  1825 | D:2      | HP: 1/29 [gnoll/flail (11)]
  1839 | D:2      | Reached skill level 4 in Fighting
  2402 | D:2      | Gained mutation: You can fly. [Tengu growth]
  2402 | D:2      | Reached XP level 5. HP: 34/34 MP: 9/9
  2956 | D:3      | Found a burning altar of Makhleb.
  2961 | D:3      | Reached skill level 5 in Fighting
  3059 | D:3      | Found Gozag's Platinum Reserve.
  3492 | D:3      | Found an opulent altar of Gozag.
  3627 | D:4      | Found Itiamp's Food Shop.
  3709 | D:4      | Found a sand-covered staircase.
  3719 | Ossuary  | Entered an ossuary
  3746 | Ossuary  | Reached XP level 6. HP: 11/40 MP: 10/10
  4538 | D:4      | Noticed Menkaure
  4582 | D:5      | Entered Level 5 of the Dungeon
  4582 | D:5      | Found Voumoi's Assorted Antiques.
  4598 | D:5      | Noticed a sky beast
  4741 | D:5      | Noticed a troll
  4756 | D:5      | Noticed an ice beast
  4774 | D:5      | Found Qimae's Book Boutique.
  4800 | D:5      | Found Hituph's Food Shop.
  4809 | D:5      | HP: 1/40 [killer bee zombie (2)]
  4811 | D:5      | Slain by a killer bee zombie

Vault maps used:
D:1:      lightli_arrival_windingriver
D:2:      st_stairs_8, kennysheep_nondescript
D:3:      nicolae_gozag_zags_fifth_avenue, makhleb_grotto_becter
D:4:      temple_doors_cd, serial_shops, shop, first_bread,
          nicolae_ossuary_entry_monument, uniq_menkaure
D:5:      lemuel_ratsnest, serial_shops, shop_coins, shop,
          nicolae_shop_competitors_out_of_business, shop, shop, st_stairs_4,
          bh_walls_and_bars
Ossuary:  ossuary_minmay_tomb_2a

Skill      XL: |  1  2  3  4  5  6 |
---------------+-------------------+-----
Fighting       | 1 2 3 4 5 |  5.0
Dodging        | 3 4 |  4.8
Stealth        | |  2.0
Spellcasting   | |  2.0
Conjurations   | |  1.3
Ice Magic      | |  2.6

Action                   |  1- 3 |  4- 6 || total
-------------------------+-------+-------++-------
Melee: Unarmed           |     5 |       ||     5
       Short sword       |    45 |   156 ||   201
       Kick              |     9 |    29 ||    38
       Peck              |    10 |    18 ||    28
 Cast: Freeze            |    20 |    28 ||    48
       Throw Frost       |     2 |     2 ||     4
       Ozocubu's Armour  |       |     5 ||     5
  Use: Potion            |     3 |     6 ||     9
       Scroll            |     2 |     6 ||     8
 Stab: Sleeping          |     1 |    13 ||    14
       Invisible         |       |     2 ||     2
  Eat: Chunk             |     3 |     7 ||    10
       Bread ration      |       |     1 ||     1
Armor: Robe              |    13 |    25 ||    38
Dodge: Dodged            |    40 |   102 ||   142

Table legend:
 A = Spawn XP
 B = Non-spawn XP
 C = Spawn XP percentage of total XP
 D = Spawn monster count
 E = Non-spawn monster count
 F = Spawn count percentage of total count
 G = Total turns spent on level
                    A         B        C        D         E        F      G
               +---------+---------+-------+---------+---------+-------+---------
         Total |       0 |     519 |   0.0 |       0 |      95 |   0.0 |  4811
               +---------+---------+-------+---------+---------+-------+---------
           D:1 |       0 |      59 |   0.0 |       0 |      23 |   0.0 |  1389
           D:2 |       0 |     129 |   0.0 |       0 |      27 |   0.0 |  1430
           D:3 |       0 |      96 |   0.0 |       0 |      20 |   0.0 |   771
           D:4 |       0 |      71 |   0.0 |       0 |       7 |   0.0 |   270
           D:5 |       0 |      20 |   0.0 |       0 |       2 |   0.0 |   229
       Ossuary |       0 |     144 |   0.0 |       0 |      16 |   0.0 |   722
               +---------+---------+-------+---------+---------+-------+---------
